 Dungeon Crawl Stone Soup version 0.26-a0-1177-g1209ec82b9 (webtiles) character file.

Game seed: 11446865644586685636

8603 wythoutpain the Carver (level 11, 0/92 HPs)
             Began as a Minotaur Fighter on Dec 25, 2020.
             Was an Elder of Trog.
             Slain by a komodo dragon (27 damage)
             ... on level 1 of the Lair of Beasts.
             The game lasted 00:33:18 (9064 turns).

wythoutpain the Carver (Minotaur Fighter)           Turns: 9064, Time: 00:33:18

Health: 0/92       AC: 13    Str: 28    XL:     11   Next: 12%
Magic:  13/13      EV: 11    Int:  9    God:    Trog [****..]
Gold:   435        SH: 24    Dex: 12    Spells: 10/10 levels left

rFire    + . .     SeeInvis .   F - +9 falchion of Motoec {vorpal, Int+4}
rCold    . . .     Faith    .   w - +0 tower shield
rNeg     . . .     Spirit   .   g - +5 ring mail
rPois    .         Reflect  +   P - +0 hat
rElec    .         Harm     .   O - scarf {repulsion}
rCorr    .         Rampage  .   k - +0 pair of gloves
Will     .....                  (no boots)
Stlth    +.........             H - amulet of reflection
HPRegen  0.25/turn              y - ring of protection from fire
MPRegen  0.13/turn              J - +6 ring of strength

@: repel missiles
A: retaliatory headbutt, horns 2
a: Renounce Religion, Berserk, Trog's Hand, Brothers in Arms


You were on level 1 of the Lair of Beasts.
You worshipped Trog.
Trog was greatly pleased with you.
You visited 2 branches of the dungeon, and saw 11 of its levels.

You collected 635 gold pieces.
You spent 200 gold pieces at shops.

Inventory:

Hand Weapons
 b - a +1 broad axe of flaming
 t - a +2 flail of protection
 z - a +0 hunting sling
 F - the +9 falchion of Motoec (weapon) {vorpal, Int+4}
   (You bought it in a shop on level 5 of the Dungeon)

   It inflicts extra damage upon your enemies.
   It affects your intelligence (+4).
 G - a +1 antimagic falchion
Missiles
 l - 14 atropa-tipped darts (quivered)
 o - 339 stones
 x - 55 poisoned darts
 I - 3 throwing nets
Armour
 c - a +0 kite shield
 g - a +5 ring mail (worn)
 k - a +0 pair of gloves (worn)
 w - a +0 tower shield (worn)
 M - +0 swamp dragon scales
 O - a scarf of repulsion (worn)
 P - a +0 hat (worn)
Jewellery
 y - a ring of protection from fire (left hand)
 H - an amulet of reflection (around neck)
 J - a +6 ring of strength (right hand)
Wands
 a - a wand of digging (5)
 A - a wand of iceblast (16)
 D - a wand of enslavement (12)
 K - a wand of flame (33)
Scrolls
 j - 4 scrolls of remove curse
 n - 7 scrolls of teleportation
 q - a scroll of enchant armour
 v - 4 scrolls of fog
 C - 2 scrolls of fear
 E - 2 scrolls of identify
 L - a scroll of blinking
Potions
 d - 2 potions of might
 e - a potion of resistance
 f - a potion of lignification {unknown}
 h - 6 potions of curing
 i - 3 potions of haste
 m - 3 potions of heal wounds
 p - 2 potions of mutation
 r - a potion of attraction
 s - a potion of invisibility {unknown}
 u - 2 potions of magic
 B - 3 potions of flight
 N - a potion of ambrosia {unknown}
 Q - 2 potions of cancellation {unknown}


   Skills:
 + Level 7.6 Fighting
 + Level 11.8 Long Blades
 + Level 2.1 Throwing
 + Level 8.2 Armour
 + Level 6.1 Dodging
 + Level 10.3 Shields
 * Level 5.2 Invocations


You had 10 spell levels left.
You didn't know any spells.
Your spell library was empty.

Dungeon Overview and Level Annotations

Branches:
Dungeon (9/15)             Temple (0/1) D:7            Lair (2/6) D:8
  Swamp: Lair:2-4    Shoals: Lair:2-4     Snake: Lair:2-4    Spider: Lair:2-4
    Orc: D:9-12

Altars:
Ashenzari
Elyvilon
Kikubaaqudgha
Okawaru
Qazlal
Trog
Uskayaw
Yredelemnul
Zin
The Shining One

Shops:
D:5 (

Annotations:
D:9 3 runed translucent doors, Clumpoid's ghost, novice GnFi


Innate Abilities, Weirdness & Mutations

You reflexively headbutt those who attack you in melee.
You have a pair of horns on your head.


Message History

You hit the yak.
You kill the yak!
Trog accepts your kill. You block the wolf's attack.
The komodo dragon bites you!!
* * * LOW HITPOINT WARNING * * *
The yak gores you.
* * * LOW HITPOINT WARNING * * *
You block the wolf's attack. The yak gores you but does no damage.
You block the komodo dragon's attack. The yak gores you!
* * * LOW HITPOINT WARNING * * *
You block the yak's attack. You block the wolf's attack.
There is a stone staircase leading up here.
You block the wolf's attack. You block the yak's attack.
The komodo dragon bites you but does no damage.
You block the wolf's attack.
You climb upwards.
There is a stone staircase leading down here.
You feel better. You block the wolf's attack. You block the yak's attack.
The komodo dragon bites you!!
You die...

### ..#########
..........##
...........##
............## ####
#............####Y.###
##..........###.@....#
#.#.........###.hl..##
###..........###...##
####...............#
.# ##......#.#...#P#
.## #.....###...####
..# ##.....##..## ..##
##...###..# ...#
#######.##


You could see a komodo dragon, a yak and a wolf.

Vanquished Creatures
  Pikel (D:6)
  A manticore (D:8)
  A cane toad (Lair:1)
  Maggie (D:9)
  A komodo dragon (Lair:1)
  Prince Ribbit (D:8)
  Grinder (D:3)
  Sigmund (D:3)
  19 yaks
  3 water moccasins (Lair:1)
  A sky beast (D:7)
  3 orc warriors
  An ice beast (D:8)
  4 ogres
  A necrophage (D:6)
  5 centaurs
  4 wolves (Lair:2)
  A big kobold (D:7)
  4 bullfrogs
  2 scorpions
  A howler monkey (D:4)
  5 hounds
  A bullfrog zombie (D:7)
  A centaur zombie (D:5)
  5 jellies
  10 orc wizards
  3 orc priests (D:7)
  2 iguanas
  9 worker ants
  A hound skeleton (D:5)
  A worker ant zombie (D:7)
  8 adders
  7 gnolls
  3 shadow imps
  2 white imps
  3 ufetubi
  2 oozes
  3 worms (D:3)
  3 dart slugs
  6 leopard geckos
  26 orcs
  A ball python (D:5)
  8 bats
  14 giant cockroaches
  8 goblins
  7 hobgoblins
  10 jackals
  4 quokkas
  5 frilled lizards
  10 kobolds
  A leopard gecko skeleton (D:4)
  A leopard gecko zombie (D:5)
  13 rats
240 creatures vanquished.

Vanquished Creatures (others)
  A wizard (D:4)
  A fungus (Lair:1)
2 creatures vanquished.

Grand Total: 242 creatures vanquished

Notes
Turn   | Place    | Note
-------+----------+-------------------------------------------
     0 | D:1      | wythoutpain the Minotaur Fighter began the quest for the
                  | Orb.
     0 | D:1      | Reached XP level 1. HP: 19/19 MP: 0/0
   150 | D:1      | Reached XP level 2. HP: 24/27 MP: 1/1
   783 | D:1      | Reached XP level 3. HP: 32/33 MP: 2/2
  1259 | D:2      | Reached skill level 3 in Long Blades
  1562 | D:2      | Reached XP level 4. HP: 33/40 MP: 3/3
  1771 | D:3      | Noticed Grinder
  1783 | D:3      | HP: 2/40 [Grinder (1)]
  1787 | D:3      | Killed Grinder
  1788 | D:3      | Reached skill level 4 in Long Blades
  1788 | D:3      | Reached skill level 1 in Dodging
  1788 | D:3      | Reached skill level 5 in Shields
  1788 | D:3      | Reached XP level 5. HP: 26/47 MP: 4/4
  1788 | D:3      | Reached XP level 6. HP: 29/53 MP: 5/5
  2185 | D:3      | Reached skill level 5 in Long Blades
  2185 | D:3      | Reached skill level 5 in Armour
  2230 | D:3      | Noticed Sigmund
  2246 | D:3      | Killed Sigmund
  2612 | D:3      | Reached XP level 7. HP: 54/60 MP: 6/6
  2936 | D:3      | Found a basalt altar of Yredelemnul.
  3534 | D:4      | Reached skill level 6 in Long Blades
  3806 | D:4      | Found a bloodstained altar of Trog.
  3807 | D:4      | Noticed a wizard
  3812 | D:4      | Became a worshipper of Trog the Wrathful
  3812 | D:4      | Killed a wizard
  4017 | D:5      | Entered Level 5 of the Dungeon
  4032 | D:5      | Reached skill level 5 in Fighting
  4135 | D:5      | Found a glowing golden altar of the Shining One.
  4158 | D:5      | Found a white marble altar of Elyvilon.
  4159 | D:5      | Found a glowing silver altar of Zin.
  4173 | D:5      | Found an ancient bone altar of Kikubaaqudgha.
  4204 | D:5      | Reached skill level 1 in Invocations
  4365 | D:5      | Reached XP level 8. HP: 68/68 MP: 8/8
  4399 | D:5      | Reached * piety under Trog
  4563 | D:5      | Found a hide-covered altar of Uskayaw.
  4610 | D:5      | Reached skill level 7 in Long Blades
  4693 | D:5      | Found Qinoc's Antique Weapon Shoppe.
  4719 | D:5      | Bought a jewelled falchion for 200 gold pieces
  4721 | D:5      | Identified the +9 falchion of Motoec {vorpal, Int+4} (You
                  | bought it in a shop on level 5 of the Dungeon)
  5002 | D:6      | Noticed Pikel
  5015 | D:6      | Killed Pikel
  5016 | D:6      | Reached skill level 8 in Long Blades
  5126 | D:6      | Reached XP level 9. HP: 75/75 MP: 9/9
  5140 | D:6      | Reached ** piety under Trog
  5232 | D:6      | Found an iron altar of Okawaru.
  5692 | D:7      | Reached skill level 9 in Long Blades
  6037 | D:7      | Found a staircase to the Ecumenical Temple.
  6223 | D:7      | Found a broken altar of Ashenzari.
  6476 | D:7      | Found a stormy altar of Qazlal.
  6557 | D:8      | Noticed Prince Ribbit
  6564 | D:8      | Killed Prince Ribbit
  6564 | D:8      | Reached *** piety under Trog
  6565 | D:8      | Reached skill level 5 in Dodging
  6654 | D:8      | Reached skill level 10 in Long Blades
  7229 | D:8      | Found a staircase to the Lair.
  7328 | D:8      | Reached XP level 10. HP: 83/84 MP: 11/11
  7467 | D:8      | Noticed a manticore
  7484 | D:8      | Killed a manticore
  7705 | D:9      | Noticed Maggie
  7716 | D:9      | Killed Maggie
  7758 | D:9      | Reached skill level 1 in Throwing
  7826 | D:9      | Reached skill level 11 in Long Blades
  7877 | D:9      | Found a runed translucent gate.
  7878 | D:9      | Found a runed translucent gate.
  7879 | D:9      | Found a runed translucent gate.
  7880 | D:9      | Noticed Clumpoid's ghost (novice GnFi)
  7880 | D:9      | Noticed a ten-headed hydra
  7940 | Lair:1   | Entered Level 1 of the Lair of Beasts
  8442 | Lair:1   | Reached skill level 10 in Shields
  8495 | Lair:1   | Reached **** piety under Trog
  8809 | Lair:1   | Noticed a cane toad
  8816 | Lair:1   | Killed a cane toad
  8817 | Lair:1   | Reached skill level 5 in Invocations
  8817 | Lair:1   | Reached XP level 11. HP: 89/92 MP: 13/13
  9064 | Lair:1   | Slain by a komodo dragon

Illustrated notes

Levels and vault maps discovered:
D:1:      dpeg_arrival_leaves_temple_mockup, layout_basic
D:2:      layout_basic
D:3:      layout_basic, lemuel_coloured_pillars_altar, gup_sewer_entry_bubbles,
          uniq_grinder, uniq_sigmund
D:4:      layout_cave_pools, nicolae_overflow_hidden_temple, trog_wizard
D:5:      cheibrodos_helix_gallery, layout_rooms, good_gods_temple_1,
          eat_drink_and_be_merry_uskayaw, kennysheep_little_box, serial_shops,
          shop_coins
D:6:      minmay_angry_zag, layout_basic, okawaru_gym_becter,
          serial_park_tiny_1, lightli_minifort, uniq_pikel
D:7:      layout_rooms, lemuel_round_altar, minmay_temple_entry_statues_pillars,
          cheibrodos_ashenzari_chains
D:8:      layout_basic, lair_entry_dummy, uniq_prince_ribbit1
D:9:      layout_loops_ring, marbit_many_paths, david_orc_3,
          gammafunk_ghost_hydra_chop, uniq_maggie
Lair:1:   layout_cave_pods
Lair:2:   layout_gridlike, grunt_megastairs_4

Skill      XL: |  1  2  3  4  5  6  7  8  9 10 11 |
---------------+----------------------------------+-----
Shields        | 4 5 6 7 9 10 | 10.3
Fighting       | 4 5 6 7 |  7.6
Armour         | 4 5 6 7 8 |  8.2
Long Blades    | 3 4 5 6 8 10 11 | 11.8
Dodging        | 1 2 4 5 6 |  6.1
Invocations    | 1 2 3 5 |  5.2
Throwing       | 2 |  2.1

Action                   |  1- 3 |  4- 6 |  7- 9 | 10-12 || total
-------------------------+-------+-------+-------+-------++-------
Melee: Long sword        |   110 |    80 |   194 |       ||   384
       Headbutt          |    15 |    19 |    81 |    31 ||   146
       Falchion          |       |       |   162 |   120 ||   282
Throw: Dart              |       |     4 |       |     9 ||    13
  Use: Potion            |       |     2 |       |     1 ||     3
       Scroll            |       |       |    19 |     4 ||    23
Armor: Scale mail        |    37 |    27 |    33 |       ||    97
       Ring mail         |       |       |    92 |    29 ||   121
Dodge: Dodged            |    32 |    17 |   119 |    34 ||   202
Block: Kite shield       |    67 |    43 |   189 |    66 ||   365
       Tower shield      |       |       |       |    55 ||    55
       Rpst.: Long sword |     8 |     3 |    23 |       ||    34
       Falchion          |       |       |    13 |    10 ||    23

Table legend: (Time is in decaauts)
 A = Elapsed time spent in this place.
 B = Non-inter-level travel time spent in this place.
 C = Inter-level travel time spent in this place.
 D = Time resting spent in this place.
 E = Time spent auto-exploring this place.
 F = Levels seen in this place.
 G = Mean time per level.
                   A        B        C        D        E       F      G
               +--------+--------+--------+--------+--------+-----+--------+
         Total |   9163 |   8802 |    361 |      0 |   7365 |  11 |  833.0 |
       Dungeon |   8055 |   7707 |    348 |      0 |   6390 |   9 |  895.0 |
          Lair |   1107 |   1094 |     13 |      0 |    975 |   2 |  553.5 |
               +--------+--------+--------+--------+--------+-----+--------+

Top non-repeatable levels by time:
     D:3: 1719 daAuts
     D:8: 1164 daAuts
  Lair:1: 1082 daAuts
     D:1: 980 daAuts
     D:5: 960 daAuts
     D:7: 881 daAuts
     D:2: 829 daAuts
     D:6: 719 daAuts
     D:4: 589 daAuts
     D:9: 212 daAuts
  Lair:2: 25 daAuts
